 Dungeon Crawl Stone Soup version 0.27.1-34-g3ba077fa99 (webtiles) character file.

Game seed: 10159689849962857824

4204 shadowrider38 the Protected (level 10, -1/90 HPs)
             Began as a Minotaur Fighter on Jan 6, 2022.
             Was an Initiate of Gozag.
             Slain by a killer bee (4 damage)
             ... on level 9 of the Dungeon.
             The game lasted 00:13:50 (12134 turns).

shadowrider38 the Protected (Minotaur Fighter)     Turns: 12134, Time: 00:13:51

Health: -1/90      AC:  8    Str: 23    XL:     10   Next: 8%
Magic:  9/9        EV: 11    Int:  6    God:    Gozag
Gold:   299        SH: 11    Dex: 10    Spells: 9/9 levels left

rFire    + . .     SeeInvis .   a - +0 war axe
rCold    + . .     Faith    .   c - +0 kite shield
rNeg     . . .     Spirit   .   b - +0 scale mail
rPois    .         Reflect  .   (helmet restricted)
rElec    .         Harm     .   E - scarf {rC+ rF+}
rCorr    .         Rampage  .   (no gloves)
Will     .....                  (no boots)
Stlth    ..........             (no amulet)
HPRegen  0.25/turn              (no ring)
MPRegen  0.11/turn              (no ring)

@: mighty, lethally poisoned (-1 -> -8), gold aura
A: horns 2, retaliatory headbutt
a: Renounce Religion, Potion Petition, Call Merchant, Bribe Branch


You were on level 9 of the Dungeon.
You worshipped Gozag.
Gozag was aware of your devotion.
You visited 2 branches of the dungeon, and saw 10 of its levels.
You also visited: Sewer and Bailey.

You collected 765 gold pieces.
You paid 466 gold pieces to Gozag.

Inventory:

Hand Weapons
 a - a +0 war axe (weapon)
Missiles
 i - 39 poisoned darts (quivered)
 o - 3 curare-tipped darts
Armour
 b - a +0 scale mail (worn)
 c - a +0 kite shield (worn)
 g - a +0 cloak
 E - a scarf of resistance (worn)
Jewellery
 n - a ring of ice
 r - a ring of positive energy
 x - a ring of wizardry
 C - an amulet of reflection
Wands
 j - a wand of mindburst (16)
 v - a wand of paralysis (3)
Scrolls
 e - 3 scrolls of fog
 h - 3 scrolls of enchant weapon
 k - a scroll of magic mapping
 m - 2 scrolls of teleportation
 q - a scroll of summoning
 t - a scroll of vulnerability
 w - 2 scrolls of fear
 y - a scroll of enchant armour
 A - a scroll of brand weapon
 B - a scroll of blinking
 F - a scroll of immolation {unknown}
Potions
 d - 4 potions of might
 f - a potion of curing
 l - 2 potions of attraction
 p - a potion of haste
 s - a potion of heal wounds
 u - 2 potions of lignification
 z - a potion of mutation {unknown}
 D - a potion of flight {unknown}


   Skills:
 + Level 8.7 Fighting
 + Level 8.2 Axes
 + Level 8.7 Armour
 + Level 7.0 Dodging
 + Level 8.6 Shields


You had 9 spell levels left.
You didn't know any spells.
Your spell library contained the following spells:

 Spells                   Type           Power      Damage    Failure   Level
 Blink                    Tloc           N/A        N/A       98%         2
 Manifold Assault         Tloc           0%         N/A       100%        5
 Storm Form               Tmut/Air       0%         N/A       100%        7


Dungeon Overview and Level Annotations

Branches:
Dungeon (9/15)             Temple (1/1) D:6           Sewer (visited)
 Bailey (visited)
   Lair: D:8-11         Orc: D:9-12

Altars:
Ashenzari
Cheibriados
Elyvilon
Fedhas
Gozag
Kikubaaqudgha
Makhleb
Nemelex Xobeh
Okawaru
Qazlal
Ru
Sif Muna
Uskayaw
Vehumet
Wu Jian
Xom
Yredelemnul
Zin

Annotations:
D:7 3 runed translucent doors, shadowrider38's ghost, novice TrHu


Innate Abilities, Weirdness & Mutations

You have a pair of horns on your head.
You reflexively headbutt those who attack you in melee.


Message History

You feel very sick. You block the killer bee's attack.
The killer bee closely misses you. You block the killer bee's attack.
Okay, then.
You feel better. The killer bee barely misses you.
The killer bee closely misses you.
You feel very mighty all of a sudden. The killer bee stings you.
* * * LOW HITPOINT WARNING * * *
You are poisoned.
The killer bee poisons you! The killer bee misses you. x2
Unknown command.
You slash the killer bee!
You kill the killer bee!
You hit the killer bee.
You feel sick. You block the killer bee's attack. x2
You slash the killer bee! Your headbutt misses the killer bee.
The killer bee is heavily wounded.
You feel sick.
The killer bee stings you but does no damage.
You block the killer bee's attack. The killer bee closely misses you.
You barely miss the killer bee.
The killer bee is heavily wounded.
You feel sick.
The killer bee buzzes angrily.
You hear a shout!
The killer bee stings you.
* * * LOW HITPOINT WARNING * * *
You are more poisoned.
The killer bee poisons you! The killer bee stings you.
* * * LOW HITPOINT WARNING * * *
You miss the killer bee.
The killer bee buzzes angrily.
You headbutt the killer bee!
You kill the killer bee!
You miss the killer bee.
* * * LOW HITPOINT WARNING * * *
You feel very sick.
The killer bee is distracted by your dazzling golden aura.
The killer bee stings you.
You die...
Your body crumbles into a pile of gold.

,,,****************#.....>....,,,
*,,* #,,* *#.........,,, *,,*
#.,* ####.........,,,
*,,******##..#####...............
,,,,,,,,,......y.................
,,,,,,****##.≈≈≈≈≈≈≈.............
****,,* #.≈##)##≈...........#*
*,,* #.≈#$y)#≈...[.......##
****,,******,≈#.@.#≈.............
,,,,,,,,,,,,,≈#...#≈.............
,,,,,,,,,,,,,≈#####≈.##..........
*****,,,****,≈≈≈≈≈≈≈.##..........
,,,,,,,,****,,,..................
,,,,,,,,,,,,,,,..................
*****,*********###..############.
*****,* #.,****########.
,,,,,,***********#,,,,,,.........


You could see 2 killer bees.

Vanquished Creatures
  A troll (D:6)
  A hornet (D:8)
  Prince Ribbit (D:6)
  3 yaks
  4 water moccasins
  An ice beast (D:5)
  4 sky beasts
  2 necrophages
  An ogre (D:6)
  3 centaurs
  6 kobold brigands
  A phantom (D:5)
  A bullfrog (D:8)
  A wyvern zombie (D:6)
  2 water moccasin zombies (D:5)
  A scorpion (D:4)
  2 killer bees (D:9)
  2 howler monkeys
  6 hounds
  A jelly (D:7)
  A centaur zombie (D:3)
  An orc priest (D:8)
  A centaur skeleton (D:6)
  4 iguanas
  Crazy Yiuf (D:2)
  4 orc wizards (D:8)
  2 killer bee zombies
  A howler monkey zombie (D:8)
  7 gnolls
  6 adders
  2 river rats (Sewer)
  A white imp (D:6)
  10 worms
  2 dart slugs (D:4)
  28 orcs
  6 ball pythons
  9 endoplasms
  11 giant cockroaches
  6 hobgoblins
  8 jackals (D:1)
  8 quokkas
  8 bats
  3 frilled lizards
  14 goblins
  22 kobolds
  A quokka skeleton (D:4)
  12 rats
223 creatures vanquished.

Vanquished Creatures (others)
  A fungus (D:7)
  2 plants (D:7)
3 creatures vanquished.

Grand Total: 226 creatures vanquished

Notes
Turn   | Place    | Note
-------+----------+-------------------------------------------
     0 | D:1      | shadowrider38 the Minotaur Fighter began the quest for the
                  | Orb.
     0 | D:1      | Reached XP level 1. HP: 19/19 MP: 0/0
    62 | D:1      | Found a faded altar of an unknown god.
   152 | D:1      | Reached XP level 2. HP: 27/27 MP: 1/1
   541 | D:1      | Reached skill level 1 in Dodging
   890 | D:1      | Reached XP level 3. HP: 27/33 MP: 2/2
  1659 | D:2      | Reached XP level 4. HP: 40/40 MP: 3/3
  1820 | D:2      | Found a runed translucent door.
  1821 | D:2      | Noticed Crazy Yiuf
  2154 | D:2      | Killed Crazy Yiuf
  2359 | D:3      | Reached XP level 5. HP: 42/47 MP: 4/4
  3368 | D:4      | Noticed a +0 short sword
  3368 | D:4      | Noticed a +0 dagger
  3372 | D:4      | Noticed a +0 dagger
  3393 | D:4      | Noticed a +0 falchion
  3393 | D:4      | Noticed a +0 falchion
  3423 | D:4      | Noticed a +0 spear
  3425 | D:4      | Noticed a +0 spear
  3426 | D:4      | Noticed a +0 short sword
  3431 | D:4      | Found a hide-covered altar of Uskayaw.
  3433 | D:4      | Noticed a black bear
  3505 | D:4      | Found a glowing silver altar of Zin.
  3681 | D:4      | Reached XP level 6. HP: 55/55 MP: 5/5
  3691 | D:4      | Reached skill level 5 in Fighting
  3691 | D:4      | Reached skill level 5 in Armour
  3691 | D:4      | Reached skill level 5 in Shields
  3751 | D:4      | Found a glowing drain.
  3764 | Sewer    | Entered a sewer
  4207 | Sewer    | Reached XP level 7. HP: 59/61 MP: 6/6
  4922 | Sewer    | Reached skill level 5 in Axes
  5549 | D:5      | Entered Level 5 of the Dungeon
  5841 | D:5      | Reached XP level 8. HP: 44/70 MP: 7/7
  6154 | D:5      | Found an ornate altar of the Wu Jian Council.
  6160 | D:5      | Found a burning altar of Makhleb.
  6961 | D:6      | You fall into a shaft and drop 1 floor!
  7239 | D:7      | Reached skill level 5 in Dodging
  7514 | D:7      | Found a sacrificial altar of Ru.
  7515 | D:7      | Found a radiant altar of Vehumet.
  7517 | D:7      | Found an ancient bone altar of Kikubaaqudgha.
  7517 | D:7      | Found a shimmering altar of Xom.
  7588 | D:7      | Found a runed translucent gate.
  7589 | D:7      | Found a runed translucent gate.
  7590 | D:7      | Found a runed translucent gate.
  7590 | D:7      | Noticed shadowrider38's ghost (novice TrHu)
  7591 | D:7      | Noticed a kobold demonologist
  7826 | D:8      | Noticed a troll
  8515 | D:6      | Found a staircase to the Ecumenical Temple.
  8576 | D:6      | Reached XP level 9. HP: 72/79 MP: 8/8
  8793 | Temple   | Entered the Ecumenical Temple
  8934 | Temple   | Became a worshipper of Gozag Ym Sagoz the Greedy
  9215 | D:6      | Noticed Prince Ribbit
  9221 | D:6      | Killed Prince Ribbit
  9646 | D:6      | Noticed a troll
  9669 | D:6      | HP: 3/81 [troll (6)]
  9670 | D:6      | Killed a troll
 10637 | D:8      | Paralysed by a hornet for 2 turns
 10643 | D:8      | Paralysed by a hornet for 1 turns
 11076 | D:8      | Found a blossoming altar of Fedhas.
 11260 | D:8      | Reached XP level 10. HP: 90/90 MP: 9/9
 11483 | D:9      | Found a flagged portal.
 11503 | Bailey   | Entered a bailey
 12134 | D:9      | HP: 3/90 [poisoned by a killer bee]
 12134 | D:9      | Slain by a killer bee

Illustrated notes

Levels and vault maps discovered:
D:1:      scummos_arrival_simple_fountains, layout_loops_ring,
          hellmonk_ecumenical_altar_zigzags
D:2:      layout_loops_ring, uniq_crazy_yiuf_cottage
D:3:      layout_basic, kennysheep_pointless_box
D:4:      layout_rooms, mainiacjoe_overflow_tiny_flanked,
          nicolae_uskayaw_en_pointe, gup_sewer_entry_pipe, serial_corexii_hall,
          chequers_hall_statues_wall_a, corexii_hall_statues_x
D:5:      layout_gridville, grunt_temple_overflow_open
D:6:      layout_basic, minmay_temple_entry_glass, kennysheep_donut,
          uniq_prince_ribbit1
D:7:      layout_rooms, chequers_temple_overflow_statue_of_worship,
          gammafunk_ghost_nasty_kobolds, chequers_serial_rivers_micro_d,
          minivault_24
D:8:      layout_cave_pools, fedhas_bush_and_centaur_altar
D:9:      layout_long_grid, beargit_hepliaklqana_dungeon_heroes, enter_bailey_3,
          gammafunk_ghost_spectres, item_on_display_a
Temple:   nicolae_temple_figure_zero

Skill      XL: |  1  2  3  4  5  6  7  8  9 10 |
---------------+-------------------------------+-----
Dodging        | 1 2 3 4 5 6 7 |  7.0
Armour         | 4 5 6 7 8 |  8.7
Fighting       | 4 5 6 7 8 |  8.7
Shields        | 4 5 6 7 8 |  8.6
Axes           | 3 4 5 6 8 |  8.2

Action                   |  1- 3 |  4- 6 |  7- 9 | 10-12 || total
-------------------------+-------+-------+-------+-------++-------
Melee: War axe           |   129 |   160 |   349 |    38 ||   676
       Headbutt          |    15 |    32 |    65 |     6 ||   118
Invok: Potion Petition   |       |       |     1 |       ||     1
  Use: Scroll            |       |     7 |     9 |     2 ||    18
       Potion            |       |       |     1 |     2 ||     3
 Stab: Distracted        |       |       |       |     1 ||     1
Armor: Scale mail        |    83 |    61 |   159 |    16 ||   319
Dodge: Dodged            |    58 |    39 |   164 |    33 ||   294
Block: Kite shield       |    93 |    74 |   252 |    57 ||   476
